 Dungeon Crawl Stone Soup version bcrawl-1.31 (webtiles) character file.

Game seed: 13004552236368000081

106093 RaHiT the Sneak (level 2, -2/16 HPs)
             Began as a Skeleton Archaeologist on Apr 9, 2021.
             Slain by a crimson imp (3 damage)
             ... on level 1 of the Dungeon.
             The game lasted 00:05:30 (975 turns).

RaHiT the Sneak (Skeleton Archaeologist)             Turns: 975, Time: 00:05:31

Health: -2/16      AC:  6    Str: 16 (17) XL:     2   Next: 93%
Magic:  0/2        EV: 12    Int: 12      God:
Gold:   18         SH:  0    Dex:  7      Spells: 1/1 levels left

rFire    . . .     SeeInvis .   b - +0 blowgun
rCold    + . .     Gourm    .   (no shield)
rNeg     + + +     Faith    .   c - +1 robe
rPois    ∞         Spirit   +   d - +1 hat
rElec    .         Reflect  .   (no cloak)
rCorr    .         Harm     .   (no gloves)
MR       .....                  e - +1 pair of boots
Stlth    ++........             (no amulet)
HPRegen  0.05/turn              (no ring)
MPRegen  0.08/turn              (no ring)

@: no status effects
A: no food or potions, cold resistance 1, deterioration 1, negative energy
resistance 3, torment resistance, unbreathing, magic shield, sturdy frame 1,
spell healing
a: no special abilities


You were on level 1 of the Dungeon.
You were not hungry.

You visited 1 branch of the dungeon, and saw 2 of its levels.

You collected 18 gold pieces.

Inventory:

Hand Weapons
 a - a +0 whip
 b - a +0 blowgun (weapon)
Missiles
 f - 4 curare-tipped needles (quivered)
 l - 33 poisoned tomahawks
Armour
 c - a +1 robe (worn)
 d - a +1 hat (worn)
 e - a +1 pair of boots (worn)
Scrolls
 g - a scroll of magic mapping
 k - 3 scrolls of amnesia
Miscellaneous
 h - a dusty tome


   Skills:
 + Level 1.5 Fighting
 + Level 1.9 Maces & Flails
 + Level 0.8 Throwing
 + Level 1.1 Armour
 + Level 3.2 Dodging
 - Level 3.6 Stealth


You had one spell level left.
You didn't know any spells.
Your spell library was empty.

Dungeon Overview and Level Annotations

Branches:
Dungeon (2/12)

Altars:


Innate Abilities, Weirdness & Mutations

You do not eat or drink.
You are immune to poison.
Your flesh is cold resistant. (rC+)
Your body sometimes deteriorates upon taking damage.
You are immune to negative energy. (rN+++)
You are immune to unholy pain and torment.
You can survive without breathing.
When hurt, damage is shared between your health and your magic reserves.
Your movements are slightly less encumbered by armour. (ER -2)
Casting spells heals you.


Message History

As you read the scroll labeled XYTE AKUKASCHE, it crumbles to dust.
The scroll dissolves into smoke.
It was a scroll of fog.
The crimson imp closely misses you.
Wield which item (- for none, * to show all)? (? for menu, Esc to quit)
b - a +0 blowgun (weapon)
The crimson imp hits you.
* * * LOW HITPOINT WARNING * * *
Firing (i - inventory. (/) - cycle)
f - 6 curare-tipped needles (quivered)
Press: ? - help, Shift-Dir - straight line, f - crimson imp
Aim: a crimson imp (purple smoke)
You shoot a curare-tipped needle.
The curare-tipped needle hits the crimson imp.
The crimson imp closely misses you.
Firing (i - inventory. (/) - cycle)
f - 5 curare-tipped needles (quivered)
Press: ? - help, Shift-Dir - straight line, f/p - crimson imp
Aim: a crimson imp (purple smoke)
You shoot a curare-tipped needle.
The curare-tipped needle barely misses the crimson imp.
The crimson imp hits you.
You die...

########## #.§§§§§§.###
#.###5§....# # #.##@§§#.#!# #
#.##§§§..#.# ### ##
#.##§§.#.#.###.## .#
#.###.##.#.##...#####
.#########
#.###.##.#.#.........
.........#
#...>......##.....###
.....###.# #####.##........#.#
..##.###.########.########....#
..#...##........#.# #.####


You could see a crimson imp.

Vanquished Creatures
  An ooze (D:1)
  A worm (D:1)
  A leopard gecko (D:1)
  A bat (D:1)
  4 goblins (D:1)
  2 hobgoblins (D:1)
  3 jackals (D:1)
  A ball python (D:1)
  A frilled lizard (D:1)
  A kobold (D:1)
  A rat (D:1)
17 creatures vanquished.

Notes
Turn   | Place    | Note
-------+----------+-------------------------------------------
     0 | D:1      | RaHiT the Skeleton Archaeologist began the quest for the
                  | Orb.
     0 | D:1      | Reached XP level 1. HP: 12/12 MP: 1/1
   118 | D:1      | Reached XP level 2. HP: 13/16 MP: 2/2
   491 | D:1      | Reached skill level 1 in Armour
   950 | D:2      | Noticed a crimson imp
   975 | D:1      | Slain by a crimson imp

Skill      XL: |  1  2 |
---------------+-------+-----
Armour         | 1 |  1.1
Fighting       | |  1.5
Maces & Flails | |  1.9
Throwing       | |  0.8
Dodging        | |  3.2
Stealth        | |  3.6

Action                   || total
-------------------------++-------
Melee: Whip              ||    95
 Fire: Blowgun           ||     2
Throw: Tomahawk          ||     7
  Use: Scroll            ||     3
Armor: Robe              ||    31
Dodge: Dodged            ||    61
